 Dungeon Crawl Stone Soup version 0.30-a0-39-g42789b21ef (webtiles) character file.

Game seed: 7790820670043575799

2571 ytrimaz the Transmogrifier (level 9, -1/63 HPs)
             Began as an Octopode Transmuter on Aug 28, 2022.
             Killed from afar by an orc wizard (7 damage)
             ... with a magic dart
             ... on level 7 of the Dungeon.
             The game lasted 00:10:44 (11660 turns).

ytrimaz the Transmogrifier (Octopode Transmuter)   Turns: 11660, Time: 00:10:45

Health: -1/63      AC:  8    Str: 15    XL:     9   Next: 57%
Magic:  20/20      EV: 10    Int: 20    God:
Gold:   479        SH:  0    Dex: 12    Spells: 12/22 levels left

rFire   x . .      SeeInvis .      - Unarmed
rCold   + + +      Faith    .    (shield currently unavailable)
rNeg    . . .      Spirit   .    (helmet currently unavailable)
rPois   +          Reflect  .    d - amulet of magic regeneration
rElec   .          Harm     .    b - +6 ring of strength
rCorr   .          Rampage  .    (no ring)
Will    .....                    (no ring)
Stlth   +.........               (no ring)
HPRegen 0.20/turn                (no ring)
MPRegen 0.57/turn                (no ring)
                                 (no ring)
                                 (no ring)

@: ice-form
A: freezing attack, boosted hp, almost no armour, amphibious, 8 rings, large,
(camouflage 1), (gelatinous body 1), (nimble swimmer 1), (tentacles)
a: End Transformation


You were on level 7 of the Dungeon.
You were a creature of crystalline ice.
You visited 1 branch of the dungeon, and saw 7 of its levels.
You also visited: Sewer.

You collected 479 gold pieces.

Inventory:

Missiles
 q - 3 throwing nets
Jewellery
 b - a +6 ring of strength (left front paw)
 d - an amulet of magic regeneration (around neck)
Wands
 h - a wand of flame (26)
 k - a wand of mindburst (14)
 r - a wand of quicksilver (17)
 u - a wand of roots (8)
Scrolls
 f - a scroll of enchant weapon
 s - a scroll of teleportation
 t - a scroll of fear
 v - a scroll of magic mapping
Potions
 a - a potion of lignification
 e - a potion of might {unknown}
 g - 2 potions of degeneration
 i - 4 potions of flight
 j - 2 potions of brilliance
 l - a potion of ambrosia {unknown}
 m - 2 potions of cancellation
 n - 2 potions of mutation
 o - 2 potions of resistance
 p - a potion of magic {unknown}
 w - a potion of curing


   Skills:
 - Level 1.0 Fighting
 - Level 2.0 Dodging
 - Level 4.0 Unarmed Combat
 + Level 7.4 Spellcasting
 + Level 8.1 Transmutations
 - Level 4.0 Ice Magic
 - Level 4.0 Poison Magic


You had 12 spell levels left.
You knew the following spells:

 Your Spells              Type           Power      Damage    Failure   Level
a - Ice Form              Ice/Tmut       31%        N/A       8%          4
b - Wereblood             Tmut           40%        N/A       1%          2
c - Spider Form           Tmut/Pois      31%        N/A       2%          3
d - Beastly Appendage     Tmut           80%        N/A       1%          1

Your spell library contained the following spells:

 Spells                   Type           Power      Damage    Failure   Level
 Shock                    Conj/Air       28%        1d4       9%          1
 Blade Hands              Tmut           20%        N/A       9%          5
 Swiftness                Air            7%         N/A       26%         3
 Hailstorm                Conj/Ice       15%        3d5       36%         4
 Airstrike                Air            3%         2d(1-17)  65%         4
 Eringya's Noxious Bog    Tmut/Pois      15%        N/A       75%         6
 Summon Forest            Summ/Tloc      3%         N/A       94%         5
 Simulacrum               Ice/Necr       7%         N/A       99%         6
 Iron Shot                Conj/Erth      3%         9d2       100%        6
 Summon Hydra             Summ           3%         N/A       100%        7
 Animate Armour           Summ/Erth      Unusable   N/A       N/A         4

Dungeon Overview and Level Annotations

Branches:
Dungeon (7/15)              Sewer (visited)
 Temple: D:4-7

Altars:
Cheibriados
Dithmenos
Kikubaaqudgha
Qazlal
Xom
Yredelemnul

Shops:
D:7 [*?

Annotations:
D:3 1 runed translucent door


Innate Abilities, Weirdness & Mutations

You are a creature of crystalline ice.
You have a powerful freezing melee attack.
Your maximum health is increased.
Your armour is entirely melded.
You are incapable of wielding weapons or throwing items.
You cannot wear most types of armour.
You are amphibious.
You can wear up to eight rings at the same time.
((Your skin changes colour to match your surroundings (Stealth+).))
((Your rubbery body absorbs attacks. (AC +1, EV +1)))
((You are camouflaged when in or above water. (Stealth+)))
((You have tentacles for arms and can constrict up to eight enemies at once.))


Message History

The orc warrior hits you with a +0 long sword!
Unknown command.
You hit the orc warrior. You freeze the orc warrior.
The orc warrior is lightly wounded.
The orc warrior closely misses you.
You barely miss the orc warrior.
The orc warrior is lightly wounded.
The orc warrior hits you with a +0 long sword.
You punch the orc warrior! You freeze the orc warrior.
The orc warrior is severely wounded.
Something hits you but does no damage. The orc warrior barely misses you.
Unknown command.
You hit the orc warrior but do no damage.
The orc warrior is severely wounded.
Something hits you.
The orc warrior hits you with a +0 long sword!
You barely miss the orc warrior.
The orc warrior is severely wounded.
You hear some strange, mumbled words.
A puff of flame appears from out of thin air!
The puff of flame hits you. The fire burns you terribly!
The orc warrior hits you with a +0 long sword!
* * * LOW HITPOINT WARNING * * *
You hit the orc warrior. You freeze the orc warrior.
The orc warrior is almost dead.
Something hits you but does no damage.
The orc warrior hits you with a +0 long sword!
* * * LOW HITPOINT WARNING * * *
You are too injured to fight recklessly!
Unknown command.
Okay, then.
Blink to where?
Press: ? - help, Dir - move target
As you read the scroll of blinking, it crumbles to dust.
Found a spear.
You see here a bullfrog corpse.
You see here 4 poisoned darts.
The orc wizard gestures at you while chanting.
The magic dart hits you!
You die...

....# #(......# ###### ...##.#
###.###.#####.###### #.##.##.#
###........##....... #.Y..+..#
.....##.##(......# #.+.##
.##.....##....##.# #.####
.....#####.......# # .. #.
.###†(...o.......##.# ##### #. .#
#................#####...####. .#
#.....##.#...Y####............
####...........#.................
#........###...#...##(..........#
.........# #.#####.######.8.#####
.##.##........ ..# #....<....#
..#) )..######. .### #..8.∩.8..#
# ... .. #.........# ##...# ##
####.8.#### ..._.. ###...#####


You could see an orc wizard.

Vanquished Creatures
  Pikel (D:7)
  A yak (D:5)
  Eustachio (D:6)
  Edmund (D:6)
  Duvessa (D:4)
  An orc warrior (D:6)
  An ice beast (D:7)
  2 black bears (D:5)
  4 lemures
  A kobold brigand (D:5)
  A bullfrog (D:7)
  2 necrophages
  A scorpion (D:4)
  Dowan (D:4)
  4 howler monkeys
  5 hounds
  7 orc priests
  A jelly (D:7)
  2 iguanas
  An orc wizard (D:5)
  5 gnolls
  5 adders
  A shadow imp (D:5)
  4 white imps
  An ufetubus (D:7)
  6 worms
  3 dart slugs
  13 orcs
  4 bats
  17 endoplasms
  8 giant cockroaches
  3 goblins
  8 hobgoblins
  2 jackals (D:4)
  3 quokkas
  6 ball pythons
  3 frilled lizards
  A goblin zombie (D:3)
  A jackal skeleton (D:3)
  14 kobolds
  10 rats
157 creatures vanquished.

Vanquished Creatures (others)
  A fungus (D:5)
1 creature vanquished.

Grand Total: 158 creatures vanquished

Notes
Turn   | Place    | Note
-------+----------+-------------------------------------------
     0 | D:1      | ytrimaz the Octopode Transmuter began the quest for the
                  | Orb.
     0 | D:1      | Reached XP level 1. HP: 13/13 MP: 3/3
   205 | D:1      | Reached XP level 2. HP: 18/18 MP: 3/5
   759 | D:1      | Found a faded altar of an unknown god.
  1080 | D:1      | Reached XP level 3. HP: 23/23 MP: 6/6
  1083 | D:1      | Learned a level 2 spell: Wereblood
  1087 | D:1      | Learned a level 3 spell: Spider Form
  1481 | D:1      | Reached skill level 1 in Poison Magic
  2165 | D:2      | Reached XP level 4. HP: 16/28 MP: 5/7
  2359 | D:2      | Found an ancient bone altar of Kikubaaqudgha.
  2934 | D:3      | Noticed a necrophage
  2951 | D:3      | Killed a necrophage
  2952 | D:3      | Reached XP level 5. HP: 15/33 MP: 5/9
  3228 | D:3      | Found a glowing drain.
  3243 | Sewer    | Entered a sewer
  3281 | Sewer    | Noticed a kobold brigand
  3597 | Sewer    | Noticed a kobold brigand
  4063 | Sewer    | Noticed a kobold brigand
  4173 | Sewer    | Noticed a kobold brigand
  4491 | D:3      | Reached skill level 3 in Transmutations
  4734 | D:3      | Found a runed translucent door.
  4734 | D:3      | Noticed a human
  4758 | D:3      | Found a basalt altar of Yredelemnul.
  5098 | D:3      | Reached XP level 6. HP: 36/38 MP: 7/10
  5126 | D:3      | Learned a level 4 spell: Ice Form
  5630 | D:4      | Reached skill level 1 in Ice Magic
  5925 | D:4      | Found a shadowy altar of Dithmenos.
  6360 | D:4      | You fall into a shaft and drop 3 floors!
  6452 | D:7      | Found Ucuuroeq's General Store.
  6475 | D:7      | Noticed an ice beast
  6579 | D:6      | Noticed Eustachio
  6614 | D:6      | Killed Eustachio
  6615 | D:6      | Reached XP level 7. HP: 40/43 MP: 8/12
  6657 | D:5      | Entered Level 5 of the Dungeon
  6657 | D:5      | Noticed a yak
  6657 | D:5      | Noticed a yak
  6657 | D:5      | Noticed a yak
  6657 | D:5      | Noticed a yak
  6659 | D:5      | Noticed a yak
  6660 | D:5      | Noticed a yak
  7024 | D:4      | Noticed Dowan
  7050 | D:4      | Noticed Duvessa
  7066 | D:4      | Killed Duvessa
  7067 | D:4      | Reached skill level 4 in Transmutations
  7076 | D:4      | Killed Dowan
  8236 | D:5      | Killed a yak
  8237 | D:5      | Reached XP level 8. HP: 13/48 MP: 12/14
  8535 | D:5      | Identified the +1 ring mail of the Snail {Fly Str+2 Stlth+}
  8557 | D:5      | Reached skill level 5 in Transmutations
  8910 | D:5      | Reached skill level 5 in Spellcasting
  9351 | D:6      | Reached skill level 6 in Transmutations
  9434 | D:6      | Noticed Edmund
  9455 | D:6      | Killed Edmund
 10275 | D:6      | Found a stormy altar of Qazlal.
 10275 | D:6      | Found a shimmering altar of Xom.
 10284 | D:6      | Reached XP level 9. HP: 44/53 MP: 12/18
 10560 | D:6      | Reached skill level 7 in Transmutations
 10755 | D:7      | Found Noixes's Magic Scroll Emporium.
 10756 | D:7      | Noticed Pikel
 11149 | D:7      | Killed Pikel
 11451 | D:7      | Reached skill level 8 in Transmutations
 11492 | D:7      | Found Hiumed's Armour Shop.
 11622 | D:7      | Found a snail-covered altar of Cheibriados.
 11638 | D:7      | HP: 1/63 [orc warrior/+0 long sword (10)]
 11660 | D:7      | Killed from afar by an orc wizard

Illustrated notes

Levels and vault maps discovered:
D:1:      dpeg_arrival_renting, layout_loops_ring,
          shapermc_ecumenical_altar_starsandcircs
D:2:      layout_basic, basic_altar
D:3:      layout_loops_corners, dk_yredelemnul_ordeal,
          cheibrodos_sewer_entry_drain, dreamdust_princess_corridor
D:4:      layout_basic, kennysheep_little_box, uniq_duvessa
D:5:      layout_cave_pools, mainiacjoe_overflow_swirl,
          minmay_misc_feat_columns, uniq_crazy_yiuf_cottage
D:6:      lemuel_ice_spiral_2, layout_basic, gammafunk_temple_overflow_elements,
          uniq_edmund, uniq_eustachio
D:7:      layout_loops_cross, mainiacjoe_overflow_small_starburst,
          minmay_temple_entry_nine_rooms, serial_shops,
          nicolae_shop_statue_plus, nicolae_stop_n_shop_2,
          nicolae_shop_waterfront, kennysheep_generic_room_12, uniq_pikel

Skill      XL: |  1  2  3  4  5  6  7  8  9 |
---------------+----------------------------+-----
Unarmed Combat | 4 |  4.0
Poison Magic   | 1 2 4 |  4.0
Transmutations | 3 4 6 8 |  8.1
Spellcasting   | 3 4 6 7 |  7.4
Ice Magic      | 2 4 |  4.0
Fighting       | |  1.0
Dodging        | |  2.0

Action                   |  1- 3 |  4- 6 |  7- 9 || total
-------------------------+-------+-------+-------++-------
Melee: Unarmed           |    64 |   167 |   246 ||   477
       Kick              |    13 |    27 |       ||    40
       Tentacles         |    13 |    22 |     7 ||    42
       Constrict         |    14 |    28 |     4 ||    46
       Punch             |     1 |     4 |     3 ||     8
 Cast: Beastly Appendage |    16 |    24 |     3 ||    43
       Spider Form       |       |     9 |    19 ||    28
       Ice Form          |       |       |     9 ||     9
       Wereblood         |       |       |     4 ||     4
 Abil: End Transformatio |       |       |     1 ||     1
  Use: Scroll            |     7 |     2 |     8 ||    17
       Potion            |       |       |     8 ||     8
 Stab: Sleeping          |     7 |    12 |       ||    19
       Distracted        |     1 |       |       ||     1
Armor: Skin              |     4 |     8 |    82 ||    94
Dodge: Dodged            |    24 |    87 |   202 ||   313

Table legend: (Time is in decaauts)
 A = Elapsed time spent in this place.
 B = Non-inter-level travel time spent in this place.
 C = Inter-level travel time spent in this place.
 D = Time resting spent in this place.
 E = Time spent auto-exploring this place.
 F = Levels seen in this place.
 G = Mean time per level.
                   A        B        C        D        E       F      G
               +--------+--------+--------+--------+--------+-----+--------+
         Total |  11621 |  11279 |    342 |   1714 |   7693 |   8 | 1452.6 |
       Dungeon |  10502 |  10160 |    342 |   1456 |   7057 |   7 | 1500.3 |
         Sewer |   1118 |   1118 |      0 |    258 |    636 |   1 | 1118.0 |
               +--------+--------+--------+--------+--------+-----+--------+

Top non-repeatable levels by time:
     D:4: 2310 daAuts
     D:1: 1684 daAuts
     D:6: 1666 daAuts
     D:3: 1443 daAuts
     D:5: 1207 daAuts
     D:2: 1206 daAuts
   Sewer: 1118 daAuts
     D:7: 984 daAuts
